MID
WEST VIRGINIA POWER @ HAGERSTOWN SUNS
04/18/2044
 
TOP OF THE 1ST
West Virginia Power batting - Pitching for Hagerstown Suns : RHP Danny Hoekenga
Pitching: RHP Danny Hoekenga
Batting: SHB Francisco Gutierrez 0-0: Ball
1-0: Hit by Pitch
Batting: RHB Ron Corn 0-0: Ball
Francisco Gutierrez is caught stealing 2nd base 2-4
1-0: Foul Ball, location: 2F
1-1: Ground out 4-3 (Groundball, 4, EV 76.2 MPH)
Batting: SHB Brad Day 0-0: Ball
1-0: Ball
2-0: Ball
3-0: Called Strike
3-1: Fly out, F7 (Flyball, 7LS, EV 73.8 MPH)
Top of the 1st over - 0 runs, 0 hits, 0 errors, 0 left on base; West Virginia 0 - Hagerstown 0
BOTTOM OF THE 1ST
Hagerstown Suns batting - Pitching for West Virginia Power : RHP Kevin Beury
Pitching: RHP Kevin Beury
Batting: SHB Dan Castaneda 0-0: Ball
1-0: Ball
2-0: Ground out U3 (Groundball, 34, EV 94.4 MPH)
Batting: LHB Rich Hannus 0-0: SOLO HOME RUN (Flyball, 9LD, EV 92.5 MPH), Distance : 337 ft
Batting: LHB John Luke 0-0: Ball
1-0: Called Strike
1-1: Ball
2-1: Ball
3-1: Fly out, F8 (Flyball, 8LM, EV 91.9 MPH)
Batting: RHB Kevin Wick 0-0: Ball
1-0: SINGLE (Line Drive, 6D, EV 97.5 MPH)
Batting: RHB Felix Torres 0-0: Called Strike
0-1: Ball
1-1: Fly out, F8 (Flyball, 8RXD, EV 96.9 MPH)
Bottom of the 1st over - 1 run, 2 hits, 0 errors, 1 left on base; West Virginia 0 - Hagerstown 1
TOP OF THE 2ND
West Virginia Power batting - Pitching for Hagerstown Suns : RHP Danny Hoekenga
Batting: RHB Tom Primmer 0-0: Ball
1-0: Foul Ball, location: 2F
1-1: Ball
2-1: Foul Ball, location: 2F
2-2: Strikes out swinging
Batting: RHB Jordan Robinson 0-0: Called Strike
0-1: Called Strike
0-2: Strikes out looking
Batting: RHB Dennis Coppolino 0-0: Swinging Strike
0-1: Ball
1-1: Called Strike
1-2: Strikes out looking
Top of the 2nd over - 0 runs, 0 hits, 0 errors, 0 left on base; West Virginia 0 - Hagerstown 1
BOTTOM OF THE 2ND
Hagerstown Suns batting - Pitching for West Virginia Power : RHP Kevin Beury
Batting: SHB Kyle Larson 0-0: Ball
1-0: SOLO HOME RUN (Flyball, 9D, EV 93.1 MPH), Distance : 362 ft
Batting: RHB Joe Young 0-0: Called Strike
0-1: Foul Ball, location: 2F
0-2: Foul Ball, location: 2F
0-2: Strikes out swinging
Batting: RHB Josh Courtney 0-0: Swinging Strike
0-1: Ball
1-1: Swinging Strike
1-2: Ground out 6-3 (Groundball, 6M, EV 84.4 MPH)
Batting: RHB Scott Skoglund 0-0: Called Strike
0-1: Ground out 5-3 (Groundball, 5L, EV 101.9 MPH)
Bottom of the 2nd over - 1 run, 1 hit, 0 errors, 0 left on base; West Virginia 0 - Hagerstown 2
TOP OF THE 3RD
West Virginia Power batting - Pitching for Hagerstown Suns : RHP Danny Hoekenga
Batting: LHB Justin Harris 0-0: Ball
1-0: Ball
2-0: Foul Ball, location: 2F
2-1: Swinging Strike
2-2: Ball
3-2: Foul Ball, location: 2F
3-2: Base on Balls
Batting: RHB Ted Goldblatt 0-0: Called Strike
0-1: Fielders Choice at 2nd, 3-6 (Groundball, 34, EV 81.9 MPH)
Batting: RHB Yoshiaki Tsutsui 0-0: Ball
1-0: Called Strike
1-1: Foul Ball, location: 2F
1-2: Fly out, F9 (Flyball, 89S, EV 97.5 MPH)
Batting: SHB Francisco Gutierrez 0-0: Called Strike
0-1: Foul Ball, location: 2F
0-2: Ball
1-2: Strikes out swinging
Top of the 3rd over - 0 runs, 0 hits, 0 errors, 1 left on base; West Virginia 0 - Hagerstown 2
BOTTOM OF THE 3RD
Hagerstown Suns batting - Pitching for West Virginia Power : RHP Kevin Beury
Batting: SHB Dan Castaneda 0-0: Foul Ball, location: 2F
0-1: Ball
1-1: Ball
2-1: SINGLE (Line Drive, 5D, EV 95.6 MPH)
Batting: LHB Rich Hannus 0-0: Ball
1-0: Foul Ball, location: 2F
1-1: Called Strike
Dan Castaneda steals 2nd base
1-2: Ground out 6-3 (Groundball, 4M, EV 105.6 MPH)
Dan Castaneda to third
Batting: LHB John Luke 0-0: Ball
1-0: Called Strike
1-1: Ball
2-1: Foul Ball, location: 2F
2-2: Ball
3-2: Base on Balls
Batting: RHB Kevin Wick 0-0: Called Strike
0-1: Ball
1-1: Swinging Strike
1-2: SINGLE (Line Drive, 3D, EV 103.8 MPH)
Dan Castaneda scores
John Luke to second
Batting: RHB Felix Torres 0-0: Ball
1-0: Ball
2-0: Called Strike
2-1: Foul Ball, location: 2F
2-2: Strikes out swinging
Batting: SHB Kyle Larson 0-0: Fielders Choice at 2nd, 5-4 (Groundball, 56, EV 87.5 MPH)
Bottom of the 3rd over - 1 run, 2 hits, 0 errors, 2 left on base; West Virginia 0 - Hagerstown 3
TOP OF THE 4TH
West Virginia Power batting - Pitching for Hagerstown Suns : RHP Danny Hoekenga
Batting: RHB Ron Corn 0-0: Called Strike
0-1: Swinging Strike
0-2: Ball
1-2: Strikes out swinging
Batting: SHB Brad Day 0-0: Swinging Strike
0-1: Ball
1-1: Swinging Strike
1-2: Foul Ball, location: 2F
1-2: Foul Ball, location: 2F
1-2: Strikes out swinging
Batting: RHB Tom Primmer 0-0: Foul Ball, location: 2F
0-1: SINGLE (Line Drive, 8RS, EV 93.1 MPH)
Batting: RHB Jordan Robinson 0-0: Ball
Tom Primmer is caught stealing 2nd base 2-4
Top of the 4th over - 0 runs, 1 hit, 0 errors, 0 left on base; West Virginia 0 - Hagerstown 3
BOTTOM OF THE 4TH
Hagerstown Suns batting - Pitching for West Virginia Power : RHP Kevin Beury
Batting: RHB Joe Young 0-0: Called Strike
0-1: Ground out 6-3 (Groundball, 6, EV 102.5 MPH)
Batting: RHB Josh Courtney 0-0: Ball
1-0: Ball
2-0: Ball
3-0: Called Strike
3-1: Called Strike
3-2: Foul Ball, location: 2F
3-2: Fly out, F7 (Flyball, 78M, EV 94.4 MPH)
Batting: RHB Scott Skoglund 0-0: Called Strike
0-1: SINGLE (Groundball, 56D, EV 98.8 MPH)
Batting: SHB Dan Castaneda 0-0: Called Strike
0-1: Swinging Strike
0-2: Ball
1-2: Fly out, F3 (Popup, 13, EV 87.5 MPH)
Bottom of the 4th over - 0 runs, 1 hit, 0 errors, 1 left on base; West Virginia 0 - Hagerstown 3
TOP OF THE 5TH
West Virginia Power batting - Pitching for Hagerstown Suns : RHP Danny Hoekenga
Batting: RHB Jordan Robinson 0-0: Ball
1-0: Ground out 6-3 (Groundball, 6, EV 79.4 MPH)
Batting: RHB Dennis Coppolino 0-0: Ball
1-0: Called Strike
1-1: Ball
2-1: Ball
3-1: Base on Balls
Batting: LHB Justin Harris 0-0: Ball
1-0: Called Strike
1-1: Ball
2-1: Ball
3-1: Base on Balls
Dennis Coppolino to second
Batting: RHB Ted Goldblatt 0-0: Ball
1-0: Grounds into double play, 4-6-3 (Groundball, 4D, EV 107.5 MPH)
Top of the 5th over - 0 runs, 0 hits, 0 errors, 1 left on base; West Virginia 0 - Hagerstown 3
BOTTOM OF THE 5TH
Hagerstown Suns batting - Pitching for West Virginia Power : RHP Kevin Beury
Batting: LHB Rich Hannus 0-0: Called Strike
0-1: Ball
1-1: Ball
2-1: Ball
3-1: SINGLE (Flyball, 5D, EV 85.0 MPH)
Batting: LHB John Luke 0-0: Ball
1-0: Ball
2-0: Fly out, F3 (Popup, 3S, EV 81.9 MPH)
Batting: RHB Kevin Wick 0-0: Called Strike
0-1: Ball
1-1: Called Strike
1-2: Fly out, F9 (Line Drive, 9S, EV 98.1 MPH)
Batting: RHB Felix Torres 0-0: Ball
Rich Hannus is caught stealing 2nd base 2-4
Bottom of the 5th over - 0 runs, 1 hit, 0 errors, 0 left on base; West Virginia 0 - Hagerstown 3
TOP OF THE 6TH
West Virginia Power batting - Pitching for Hagerstown Suns : RHP Danny Hoekenga
Batting: RHB Yoshiaki Tsutsui 0-0: Ball
1-0: Ball
2-0: Foul Ball, location: 2F
2-1: Swinging Strike
2-2: Strikes out looking
Batting: SHB Francisco Gutierrez 0-0: Ball
1-0: Ball
2-0: Ball
3-0: Called Strike
3-1: Foul Ball, location: 2F
3-2: Foul Ball, location: 2F
3-2: Foul Ball, location: 2F
3-2: Base on Balls
Batting: RHB Ron Corn 0-0: Ball
Francisco Gutierrez is caught stealing 2nd base 2-4
1-0: Called Strike
1-1: Called Strike
1-2: Foul Ball, location: 2F
1-2: Ball
2-2: Ball
3-2: Fly out, F7 (Flyball, 7LM, EV 90.0 MPH)
Top of the 6th over - 0 runs, 0 hits, 0 errors, 0 left on base; West Virginia 0 - Hagerstown 3
BOTTOM OF THE 6TH
Hagerstown Suns batting - Pitching for West Virginia Power : RHP Kevin Beury
Pitching: RHP R.J. Barr
Batting: RHB Felix Torres 0-0: Called Strike
0-1: Ball
1-1: Swinging Strike
1-2: Foul Ball, location: 2F
1-2: Ball
2-2: Strikes out looking
Batting: SHB Kyle Larson 0-0: Ball
1-0: Called Strike
1-1: Called Strike
1-2: Ball
2-2: Ball
3-2: Strikes out looking
Batting: RHB Joe Young 0-0: Ball
1-0: Foul Ball, location: 2F
1-1: Foul Ball, location: 2F
1-2: Ball
2-2: Foul Ball, location: 2F
2-2: Foul Ball, location: 2F
2-2: Fly out, F9 (Flyball, 89D, EV 101.2 MPH)
Bottom of the 6th over - 0 runs, 0 hits, 0 errors, 0 left on base; West Virginia 0 - Hagerstown 3
TOP OF THE 7TH
West Virginia Power batting - Pitching for Hagerstown Suns : RHP Danny Hoekenga
Pitching: RHP Alpha Miller
Batting: SHB Brad Day 0-0: Ball
1-0: Called Strike
1-1: Ground out 6-3 (Groundball, 6, EV 101.2 MPH)
Batting: RHB Tom Primmer 0-0: Foul Ball, location: 2F
0-1: Ball
1-1: Called Strike
1-2: Ball
2-2: Ball
3-2: Base on Balls
Batting: RHB Jordan Robinson 0-0: Called Strike
0-1: Called Strike
0-2: Strikes out swinging
Batting: RHB Dennis Coppolino 0-0: Fly out, F9 (Flyball, 9LM, EV 83.1 MPH)
Top of the 7th over - 0 runs, 0 hits, 0 errors, 1 left on base; West Virginia 0 - Hagerstown 3
BOTTOM OF THE 7TH
Hagerstown Suns batting - Pitching for West Virginia Power : RHP R.J. Barr
Batting: RHB Josh Courtney 0-0: Ball
1-0: Foul Ball, location: 2F
1-1: Foul Ball, location: 2F
1-2: Single, Error in OF, E9, batter to second base (Line Drive, 9S, EV 86.2 MPH)
Batting: RHB Scott Skoglund 0-0: Swinging Strike
0-1: Called Strike
0-2: Reached on error, E6 (Popup, 6S, EV 82.5 MPH)
Josh Courtney to third
Batting: SHB Dan Castaneda 0-0: Called Strike
0-1: Foul Ball, location: 2F
0-2: Foul Ball, location: 2F
0-2: Ball
1-2: Foul Ball, location: 2F
1-2: Foul Ball, location: 2F
1-2: Ball
2-2: Strikes out swinging
Batting: LHB Rich Hannus 0-0: Fielders Choice at 2nd, 1-6 (Groundball, 15S, EV 66.2 MPH)
Batting: LHB John Luke 0-0: SINGLE (Groundball, 56S, EV 75.0 MPH) (infield hit)
Josh Courtney scores
Rich Hannus to second
Batting: RHB Kevin Wick 0-0: Called Strike
0-1: SINGLE (Flyball, 78S, EV 92.5 MPH)
Rich Hannus to third
John Luke to second
Runner from 3rd tries for Home, throw by CF and OUT! 8-2
Bottom of the 7th over - 1 run, 3 hits, 2 errors, 2 left on base; West Virginia 0 - Hagerstown 4
TOP OF THE 8TH
West Virginia Power batting - Pitching for Hagerstown Suns : RHP Alpha Miller
Pitching: RHP Manny Arguelles
Batting: LHB Justin Harris 0-0: Ball
1-0: Reached on error, E1 (Groundball, 13S, EV 74.4 MPH)
Batting: RHB Ted Goldblatt 0-0: Ball
1-0: Ball
2-0: Ball
3-0: Called Strike
3-1: Foul Ball, location: 2F
3-2: Fielders Choice at 2nd, 4-6 (Groundball, 13, EV 75.6 MPH)
Pinch Hitting: LHB Micah Boshnjaku 0-0: Ball
1-0: Ball
2-0: Ball
3-0: Called Strike
3-1: Base on Balls
Ted Goldblatt to second
Batting: SHB Francisco Gutierrez 0-0: Ball
1-0: Foul Ball, location: 2F
1-1: Ball
2-1: Foul Ball, location: 2F
2-2: Fielders Choice at 2nd, 3-6 (Groundball, 13, EV 93.8 MPH)
Ted Goldblatt to third
Batting: RHB Ron Corn 0-0: Ball
1-0: Foul Ball, location: 2F
1-1: Foul Ball, location: 2F
1-2: Strikes out swinging
Top of the 8th over - 0 runs, 0 hits, 1 error, 2 left on base; West Virginia 0 - Hagerstown 4
BOTTOM OF THE 8TH
Hagerstown Suns batting - Pitching for West Virginia Power : RHP R.J. Barr
Pitching: RHP Travis Luckett
Now in LF: Micah Boshnjaku
Batting: RHB Felix Torres 0-0: SINGLE (Groundball, 56D, EV 95.6 MPH)
Batting: SHB Kyle Larson 0-0: Ball
1-0: Ball
2-0: Foul Ball, location: 2F
2-1: Ball
3-1: Swinging Strike
3-2: Base on Balls
Felix Torres to second
Batting: RHB Joe Young 0-0: Sac Bunt to 25 - play at first, batter OUT! 5-3
Felix Torres to third
Kyle Larson to second
Batting: RHB Josh Courtney 0-0: Ball
1-0: Foul Ball, location: 2F
1-1: Fly out, F7 (Line Drive, 7, EV 95.0 MPH)
Runner from 3rd tags up, SCORES, throw by LF
Batting: RHB Scott Skoglund 0-0: Ball
1-0: Ball
2-0: Ball
3-0: Called Strike
3-1: Base on Balls
Batting: SHB Dan Castaneda 0-0: Ball
1-0: Ball
2-0: Foul Ball, location: 2F
2-1: Ball
3-1: SINGLE (Flyball, 78S, EV 93.8 MPH)
Kyle Larson to third
Scott Skoglund to second
Runner from 3rd tries for Home, SAFE, throw by CF to home
Batting: LHB Rich Hannus 0-0: Ball
1-0: Ball
2-0: Called Strike
2-1: Fielders Choice at 2nd, 5-4 (Groundball, 56, EV 101.9 MPH)
Bottom of the 8th over - 2 runs, 2 hits, 0 errors, 2 left on base; West Virginia 0 - Hagerstown 6
TOP OF THE 9TH
West Virginia Power batting - Pitching for Hagerstown Suns : RHP Manny Arguelles
Batting: SHB Brad Day 0-0: Fly out, F9 (Flyball, 9, EV 75.0 MPH)
Batting: RHB Tom Primmer 0-0: Ball
1-0: Foul Ball, location: 2F
1-1: Called Strike
1-2: Foul Ball, location: 2F
1-2: Ball
2-2: Strikes out swinging
Batting: RHB Jordan Robinson 0-0: Foul Ball, location: 2F
0-1: Ball
1-1: Ball
2-1: Ground out 4-3 (Groundball, 4, EV 81.2 MPH)
Top of the 9th over - 0 runs, 0 hits, 0 errors, 0 left on base; West Virginia 0 - Hagerstown 6
Thursday, March 31st , 2022 - OOTP Baseball 22.12 Build 89